 Dungeon Crawl Stone Soup version 0.22-a0-355-g201945f (webtiles) character file.

29 Amnesiac the Conjurer (level 3, 0/16 HPs)
             Began as a Vine Stalker Conjurer on Apr 17, 2018.
             Succumbed to an adder's poison
             ... on level 1 of the Dungeon.
             The game lasted 00:01:44 (712 turns).

Amnesiac the Conjurer (Vine Stalker Conjurer)        Turns: 712, Time: 00:01:45

Health: 0/16       AC:  2    Str: 10    XL:     3   Next: 16%
Magic:  1/9        EV: 12    Int: 16    God:
Gold:   48         SH:  0    Dex: 14    Spells: 8/9 levels left

rFire    + . .     SeeInvis .   (no weapon)
rCold    + . .     Gourm    .   (no shield)
rNeg     . . .     Faith    .   a - +0 robe
rPois    +         Spirit   +   (no helmet)
rElec    +         Reflect  .   (no cloak)
rCorr    +         Harm     .   (no gloves)
MR       .....                  (no boots)
Stlth    ++........             (no amulet)
HPRegen  0.05/turn              (no ring)
MPRegen  0.11/turn              (no ring)

@: lethally poisoned (0 -> -5), resistant, very slightly contaminated
A: fangs 2, magic shield, antimagic bite, no potion heal 3, rot immunity
a: no special abilities


You were on level 1 of the Dungeon.
You were not hungry.

You visited 1 branch of the dungeon, and saw 2 of its levels.

You collected 48 gold pieces.

Inventory:

Armour
 a - a +0 robe (worn)
Scrolls
 b - 3 scrolls of remove curse {!r, unknown}
 f - a scroll of blinking {!r, unknown}
 g - a scroll of teleportation {!r, unknown}
 i - a scroll of identify {!r, unknown}
Potions
 d - a potion of resistance {!q}
 h - a potion of mutation {!q, unknown}
Comestibles
 c - 2 rations


   Skills:
 - Level 1.5 Dodging
 - Level 2.4 Stealth
 + Level 3.7 Spellcasting
 - Level 4.0 Conjurations


You had 8 spell levels left.
You knew the following spells:

 Your Spells              Type           Power        Failure   Level  Hunger
a - Magic Dart            Conj           ###.         3%          1    None


Dungeon Overview and Level Annotations

Branches:
Dungeon (2/15)

Altars:


Innate Abilities, Weirdness & Mutations

You have extremely sharp teeth.
When hurt, damage is shared between your health and your magic reserves.
Your bite disrupts and absorbs the magic of your enemies.
Potions cannot restore your health.
You are immune to rotting.


Message History

The adder barely misses you. The adder bites you.
* * * LOW HITPOINT WARNING * * *
You miss the adder.
The adder is moderately wounded.
The adder barely misses you. The adder closely misses you.
Casting: Magic Dart (safe; 3% risk of failure)
Confirm with . or Enter, or press ? or * to list all spells.
Aiming: Magic Dart (safe; 3% risk of failure)
Press: ? - help, Shift-Dir - straight line, f/p - adder
Aim: an adder (moderately wounded)
You miscast Magic Dart.
You are very lightly contaminated with residual magic.
Wisps of smoke drift from your hands. The adder barely misses you.
Unknown command.
The adder bites you.
* * * LOW HITPOINT WARNING * * *
There is a stone staircase leading down here.
There is an open door here.
The adder bites you but does no damage.
Casting: Magic Dart (safe; 3% risk of failure)
Confirm with . or Enter, or press ? or * to list all spells.
You don't have enough magic to cast that spell.
Casting: Magic Dart (safe; 3% risk of failure)
Confirm with . or Enter, or press ? or * to list all spells.
Aiming: Magic Dart (safe; 3% risk of failure)
Press: ? - help, Shift-Dir - straight line, f/p - adder
Aim: an adder (moderately wounded)
The magic dart hits the adder.
The adder is heavily wounded.
The adder closely misses you. The adder bites you.
* * * LOW HITPOINT WARNING * * *
Casting: Magic Dart (safe; 3% risk of failure)
Confirm with . or Enter, or press ? or * to list all spells.
You don't have enough magic to cast that spell.
Casting: Magic Dart (safe; 3% risk of failure)
Confirm with . or Enter, or press ? or * to list all spells.
You don't have enough magic to cast that spell.
The adder barely misses you.
Casting: Magic Dart (safe; 3% risk of failure)
Confirm with . or Enter, or press ? or * to list all spells.
You don't have enough magic to cast that spell.
Casting: Magic Dart (safe; 3% risk of failure)
Confirm with . or Enter, or press ? or * to list all spells.
You don't have enough magic to cast that spell.
Casting: Magic Dart (safe; 3% risk of failure)
Confirm with . or Enter, or press ? or * to list all spells.
You don't have enough magic to cast that spell.
Casting: Magic Dart (safe; 3% risk of failure)
Confirm with . or Enter, or press ? or * to list all spells.
You don't have enough magic to cast that spell.
Really quaff
e - a bubbling grey potion {!q}? [Y]es or [N]o only, please.
Really quaff
e - a bubbling grey potion {!q}?
It was a potion of curing {!q}.
That felt strangely inert.
The adder misses you. The adder bites you.
* * * LOW HITPOINT WARNING * * *
You are lethally poisoned!
The adder poisons you!
Really quaff
d - 2 smoky purple potions {!q}?
It was a potion of resistance {!q}.
You feel protected.
You die...

...##..†(...#### ##'##†...(...(.#
### #.......###.##.# #..
#(..........##.##### #.#
........###..†.....### #)#
....(.>......(.....'.## #.#
.##'##'####........#..####### #.#
.##(##.####.########........###..
....##.........S@..'...).)).'....
####################........#.#..
##.........#.... #.........##.#..
#.........##.##. #..........#.##.
#............... #..........#####
#......#+#..#...


You could see an adder.

Vanquished Creatures
  A dart slug (D:1)
  A leopard gecko (D:1)
  3 bats
  2 goblins (D:1)
  6 hobgoblins (D:1)
  A jackal (D:2)
  A quokka (D:2)
  A frilled lizard (D:1)
  6 kobolds (D:1)
  A rat (D:1)
23 creatures vanquished.

Notes
Turn   | Place    | Note
-------+----------+-------------------------------------------
     0 | D:1      | Amnesiac the Vine Stalker Conjurer began the quest for the Orb.
     0 | D:1      | Reached XP level 1. HP: 9/9 MP: 4/4
   156 | D:1      | Reached XP level 2. HP: 12/13 MP: 3/6
   518 | D:1      | Reached XP level 3. HP: 16/16 MP: 0/9
   712 | D:1      | Succumbed to an adder's poison

Vault maps used:
D:1:      scummos_arrival_star
D:2:      cheibrodos_old_hovel, lemuel_coloured_pillars_altar,
          chequers_ecumenical_altar_simple_redux, minmay_ruptured

Skill      XL: |  1  2 |
---------------+-------+-----
Spellcasting   | 3 |  3.7
Dodging        | |  1.5
Stealth        | |  2.4
Conjurations   | |  4.0

Action                   || total
-------------------------++-------
Melee: Unarmed           ||    11
       Bite              ||     4
 Cast: Magic Dart        ||    61
  Use: Potion            ||     2
Armor: Robe              ||     5
Dodge: Dodged            ||    35

Table legend:
 A = Spawn XP
 B = Non-spawn XP
 C = Spawn XP percentage of total XP
 D = Spawn monster count
 E = Non-spawn monster count
 F = Spawn count percentage of total count
 G = Total turns spent on level
                    A         B        C        D         E        F      G
               +---------+---------+-------+---------+---------+-------+---------
         Total |       0 |      42 |   0.0 |       0 |      23 |   0.0 |   712
               +---------+---------+-------+---------+---------+-------+---------
           D:1 |       0 |      36 |   0.0 |       0 |      20 |   0.0 |   688
           D:2 |       0 |       6 |   0.0 |       0 |       3 |   0.0 |    24
               +---------+---------+-------+---------+---------+-------+---------
